| TOP OF THE 1ST |
|
Chattanooga Lookouts batting - Pitching for New Hampshire Fisher Cats : RHP Cody Walsh
|
|
Pitching: RHP Cody Walsh
|
|
|
Batting: LHB Marius Tadini
|
0-0: Swinging Strike 0-1: Called Strike 0-2: Foul Ball, location: 2F 0-2: SINGLE (Line Drive, 9LS, EV 98.8 MPH)
|
|
Batting: RHB Ruben Martinez
|
0-0: Ball 1-0: Ball 2-0: Called Strike 2-1: Ball 3-1: DOUBLE (Flyball, 78D, EV 103.1 MPH) Marius Tadini to third
|
|
Batting: LHB Matt Robertson
|
0-0: Called Strike 0-1: Ball 1-1: Swinging Strike 1-2: Ball Wild Pitch! Marius Tadini scores Ruben Martinez to third 2-2: Strikes out swinging
|
|
Batting: RHB Isaiah Easter
|
0-0: Called Strike 0-1: Ball 1-1: Foul Ball, location: 2F 1-2: Ball 2-2: Strikes out swinging
|
|
Batting: RHB Justin Allison
|
0-0: Called Strike 0-1: Ball 1-1: SINGLE (Groundball, 56D, EV 98.8 MPH) Ruben Martinez scores
|
|
Batting: SHB Chris Ortiz
|
0-0: Foul Ball, location: 2F 0-1: Called Strike 0-2: Ball 1-2: Ball 2-2: Ball 3-2: Foul Ball, location: 2F 3-2: Strikes out swinging
|
| Top of the 1st over - 2 runs, 3 hits, 0 errors, 1 left on base; Chattanooga 2 - New Hampshire 0 |
| BOTTOM OF THE 1ST |
|
New Hampshire Fisher Cats batting - Pitching for Chattanooga Lookouts : RHP Willie Romero
|
|
Pitching: RHP Willie Romero
|
|
|
Batting: SHB Spencer Jones
|
0-0: Foul Ball, location: 2F 0-1: Foul Ball, location: 2F 0-2: Fly out, F1 (Line Drive, P, EV 72.5 MPH)
|
|
Batting: RHB Donny Burnside
|
0-0: Swinging Strike 0-1: Foul Ball, location: 2F 0-2: Ball 1-2: Foul Ball, location: 2F 1-2: SINGLE (Line Drive, 89S, EV 112.5 MPH)
|
|
Batting: LHB Ray Whitehead
|
0-0: Ball Donny Burnside steals 2nd base 1-0: Ball 2-0: Ball 3-0: Called Strike 3-1: Base on Balls
|
|
Batting: SHB Eduardo Maldonado
|
0-0: Ball 1-0: Called Strike 1-1: Foul Ball, location: 2F 1-2: SINGLE (Groundball, 4MD, EV 99.4 MPH) Donny Burnside to third Ray Whitehead to second
|
|
Batting: RHB Danny Alberto
|
0-0: Ball 1-0: Called Strike 1-1: Ball 2-1: Called Strike 2-2: Ball 3-2: Base on Balls Donny Burnside scores Ray Whitehead to third Eduardo Maldonado to second
|
|
Batting: RHB Lee McKay
|
0-0: Ball 1-0: Foul Ball, location: 2F 1-1: Foul Ball, location: 2F 1-2: Foul Ball, location: 2F 1-2: Ball 2-2: Ball 3-2: Base on Balls Ray Whitehead scores Eduardo Maldonado to third Danny Alberto to second
|
|
Batting: RHB Greg Callaghan
|
0-0: Fielders Choice at 2nd, 3-6 (Groundball, 34S, EV 89.4 MPH) Eduardo Maldonado scores Danny Alberto to third
|
|
Batting: RHB Jorge Baret
|
0-0: Ball 1-0: Ball 2-0: Called Strike 2-1: Ball Pickoff Throw to First - Error! E1 Danny Alberto scores Greg Callaghan to second 3-1: Base on Balls
|
|
Batting: RHB Cyril Husson
|
0-0: Called Strike 0-1: Ball 1-1: Called Strike 1-2: Ball 2-2: Ground out U3 (Groundball, 3, EV 90.0 MPH)
|
| Bottom of the 1st over - 4 runs, 2 hits, 1 error, 2 left on base; Chattanooga 2 - New Hampshire 4 |
| TOP OF THE 2ND |
|
Chattanooga Lookouts batting - Pitching for New Hampshire Fisher Cats : RHP Cody Walsh
|
|
Batting: RHB Bobby Paredes
|
0-0: Called Strike 0-1: Ball 1-1: Called Strike 1-2: Foul Ball, location: 2F 1-2: Strikes out looking
|
|
Batting: RHB Julian de Reus
|
0-0: Ball 1-0: Ball 2-0: Ground out 1-3 (Groundball, 15, EV 69.4 MPH)
|
|
Batting: RHB Francisque Regras
|
0-0: Ground out 1-6-3 (Groundball, 15S, EV 108.1 MPH)
|
| Top of the 2nd over - 0 runs, 0 hits, 0 errors, 0 left on base; Chattanooga 2 - New Hampshire 4 |
| BOTTOM OF THE 2ND |
|
New Hampshire Fisher Cats batting - Pitching for Chattanooga Lookouts : RHP Willie Romero
|
|
Batting: SHB Spencer Jones
|
0-0: Ground out 3-1 (Groundball, 34, EV 93.8 MPH)
|
|
Batting: RHB Donny Burnside
|
0-0: Swinging Strike 0-1: Ball 1-1: Ball 2-1: Called Strike 2-2: Ball 3-2: SINGLE (Line Drive, 9S, EV 106.9 MPH)
|
|
Batting: LHB Ray Whitehead
|
0-0: Ball Donny Burnside steals 2nd base 1-0: Ball 2-0: Ball 3-0: Called Strike 3-1: Foul Ball, location: 2F 3-2: Foul Ball, location: 2F 3-2: Base on Balls
|
|
Batting: SHB Eduardo Maldonado
|
0-0: Ball Donny Burnside steals 3rd base 1-0: Ball Ray Whitehead steals 2nd base 2-0: Ground out 4-3 (Groundball, 4, EV 81.9 MPH) Donny Burnside scores Ray Whitehead to third
|
|
Pitching: RHP Justin Nourse
|
|
|
Batting: RHB Danny Alberto
|
0-0: Called Strike 0-1: Ball 1-1: Ball 2-1: Ball 3-1: Foul Ball, location: 2F 3-2: Fly out, F8 (Flyball, 89XD, EV 100.6 MPH)
|
| Bottom of the 2nd over - 1 run, 1 hit, 0 errors, 1 left on base; Chattanooga 2 - New Hampshire 5 |
| TOP OF THE 3RD |
|
Chattanooga Lookouts batting - Pitching for New Hampshire Fisher Cats : RHP Cody Walsh
|
|
Batting: LHB Marius Tadini
|
0-0: Ball 1-0: Ball 2-0: Called Strike 2-1: Swinging Strike 2-2: Strikes out swinging
|
|
Batting: RHB Ruben Martinez
|
0-0: Foul Ball, location: 2F 0-1: Ground out 6-3 (Groundball, 6S, EV 70.0 MPH)
|
|
Batting: LHB Matt Robertson
|
0-0: Ground out 4-3 (Groundball, 4, EV 110.0 MPH)
|
| Top of the 3rd over - 0 runs, 0 hits, 0 errors, 0 left on base; Chattanooga 2 - New Hampshire 5 |
| BOTTOM OF THE 3RD |
|
New Hampshire Fisher Cats batting - Pitching for Chattanooga Lookouts : RHP Justin Nourse
|
|
Batting: RHB Lee McKay
|
0-0: Ball 1-0: Fly out, F8 (Flyball, 8RD, EV 94.4 MPH)
|
|
Batting: RHB Greg Callaghan
|
0-0: Ball 1-0: Ground out U3 (Groundball, 34, EV 106.9 MPH)
|
|
Batting: RHB Jorge Baret
|
0-0: Swinging Strike 0-1: Ball 1-1: Ball 2-1: Foul Ball, location: 2F 2-2: Fly out, F1 (Line Drive, P, EV 63.1 MPH)
|
| Bottom of the 3rd over - 0 runs, 0 hits, 0 errors, 0 left on base; Chattanooga 2 - New Hampshire 5 |
| TOP OF THE 4TH |
|
Chattanooga Lookouts batting - Pitching for New Hampshire Fisher Cats : RHP Cody Walsh
|
|
Batting: RHB Isaiah Easter
|
0-0: Called Strike 0-1: Ball 1-1: Foul Ball, location: 2F 1-2: SINGLE (Groundball, 34D, EV 103.1 MPH)
|
|
Batting: RHB Justin Allison
|
0-0: Ball 1-0: Ball 2-0: Called Strike 2-1: SINGLE (Line Drive, 9S, EV 107.5 MPH) Isaiah Easter to second
|
|
Batting: SHB Chris Ortiz
|
0-0: Called Strike Justin Allison steals 2nd base (no throw) Isaiah Easter steals 3rd base 0-1: Ball 1-1: Foul Ball, location: 2F 1-2: Fly out, F4 (Popup, 4, EV 73.8 MPH)
|
|
Batting: RHB Bobby Paredes
|
0-0: Swinging Strike 0-1: Foul Ball, location: 2F 0-2: Ball 1-2: Strikes out swinging
|
|
Batting: RHB Julian de Reus
|
0-0: Called Strike 0-1: Swinging Strike 0-2: Ball 1-2: SINGLE (Groundball, 56S, EV 61.9 MPH) (infield hit) Isaiah Easter scores Justin Allison to third
|
|
Batting: RHB Francisque Regras
|
0-0: Ground out 5-3 (Groundball, 56S, EV 68.8 MPH)
|
| Top of the 4th over - 1 run, 3 hits, 0 errors, 2 left on base; Chattanooga 3 - New Hampshire 5 |
| BOTTOM OF THE 4TH |
|
New Hampshire Fisher Cats batting - Pitching for Chattanooga Lookouts : RHP Justin Nourse
|
|
Batting: RHB Cyril Husson
|
0-0: Ball 1-0: Foul Ball, location: 2F 1-1: SINGLE (Line Drive, 8RS, EV 101.2 MPH)
|
|
Batting: SHB Spencer Jones
|
0-0: Ball 1-0: Called Strike 1-1: Foul Ball, location: 2F 1-2: Fielders Choice at 2nd, 4-6 (Groundball, 34, EV 108.1 MPH)
|
|
Batting: RHB Donny Burnside
|
0-0: Ball 1-0: Called Strike 1-1: Foul Ball, location: 2F 1-2: Strikes out swinging
|
|
Batting: LHB Ray Whitehead
|
0-0: Called Strike 0-1: SINGLE (Groundball, 4D, EV 95.6 MPH) Spencer Jones to second Runner from 2nd tries for 3rd, SAFE, throw by RF made to third Ray Whitehead to second
|
|
Batting: SHB Eduardo Maldonado
|
0-0: Ball 1-0: Ball 2-0: Swinging Strike 2-1: Ball 3-1: Called Strike 3-2: Fly out, F8 (Flyball, 8LXD, EV 86.2 MPH)
|
| Bottom of the 4th over - 0 runs, 2 hits, 0 errors, 2 left on base; Chattanooga 3 - New Hampshire 5 |
| TOP OF THE 5TH |
|
Chattanooga Lookouts batting - Pitching for New Hampshire Fisher Cats : RHP Cody Walsh
|
|
Batting: LHB Marius Tadini
|
0-0: Ball 1-0: Fly out, F4 (Line Drive, 4, EV 65.0 MPH)
|
|
Batting: RHB Ruben Martinez
|
0-0: Hit by Pitch
|
|
Batting: LHB Matt Robertson
|
0-0: Ball 1-0: Ball 2-0: Foul Ball, location: 2F 2-1: Ball 3-1: Called Strike 3-2: Fly out, F8 (Line Drive, 8RD, EV 91.9 MPH)
|
|
Batting: RHB Isaiah Easter
|
0-0: Fielders Choice at 2nd, 6-4 (Groundball, 6, EV 88.1 MPH)
|
| Top of the 5th over - 0 runs, 0 hits, 0 errors, 1 left on base; Chattanooga 3 - New Hampshire 5 |
| BOTTOM OF THE 5TH |
|
New Hampshire Fisher Cats batting - Pitching for Chattanooga Lookouts : RHP Justin Nourse
|
|
Batting: RHB Danny Alberto
|
0-0: Ball 1-0: Called Strike 1-1: Swinging Strike 1-2: Foul Ball, location: 2F 1-2: Ball 2-2: Foul Ball, location: 2F 2-2: DOUBLE (Line Drive, 9LM, EV 98.1 MPH)
|
|
Pitching: LHP Craig Anderson
|
|
|
Batting: RHB Lee McKay
|
0-0: Swinging Strike 0-1: Ball 1-1: Ball 2-1: Ball Danny Alberto steals 3rd base 3-1: Base on Balls
|
|
Batting: RHB Greg Callaghan
|
0-0: Ball 1-0: Foul Ball, location: 2F 1-1: Ball 2-1: Ball 3-1: Base on Balls Lee McKay to second
|
|
Batting: RHB Jorge Baret
|
0-0: Called Strike 0-1: Called Strike 0-2: Grounds into double play, 5-4-3 (Groundball, 56, EV 109.4 MPH) Danny Alberto scores Lee McKay to third
|
|
Batting: RHB Cyril Husson
|
0-0: Ball Steal of home, Lee McKay is out
|
| Bottom of the 5th over - 1 run, 1 hit, 0 errors, 0 left on base; Chattanooga 3 - New Hampshire 6 |
| TOP OF THE 6TH |
|
Chattanooga Lookouts batting - Pitching for New Hampshire Fisher Cats : RHP Cody Walsh
|
|
Batting: RHB Justin Allison
|
0-0: Ball 1-0: Ball 2-0: Foul Ball, location: 2F 2-1: Foul Ball, location: 2F 2-2: Ball 3-2: SINGLE (Groundball, 6M, EV 88.1 MPH) (infield hit)
|
|
Batting: SHB Chris Ortiz
|
0-0: Ball 1-0: Fly out, F8 (Flyball, 8LS, EV 81.2 MPH)
|
|
Batting: RHB Bobby Paredes
|
0-0: Foul Ball, location: 2F 0-1: Ball 1-1: Fly out, F7 (Flyball, 7LM, EV 85.0 MPH)
|
|
Batting: RHB Julian de Reus
|
0-0: SINGLE (Groundball, 4MS, EV 79.4 MPH) (infield hit) Justin Allison to second
|
|
Batting: RHB Francisque Regras
|
0-0: Ball 1-0: Called Strike 1-1: Ground out 6-3 (Groundball, 6S, EV 88.1 MPH)
|
| Top of the 6th over - 0 runs, 2 hits, 0 errors, 2 left on base; Chattanooga 3 - New Hampshire 6 |
| BOTTOM OF THE 6TH |
|
New Hampshire Fisher Cats batting - Pitching for Chattanooga Lookouts : LHP Craig Anderson
|
|
Batting: RHB Cyril Husson
|
0-0: Swinging Strike 0-1: Ball 1-1: Foul Ball, location: 2F 1-2: Fly out, F8 (Flyball, 89D, EV 91.2 MPH)
|
|
Batting: SHB Spencer Jones
|
0-0: Called Strike 0-1: Fly out, F8 (Flyball, 8LS, EV 81.2 MPH)
|
|
Batting: RHB Donny Burnside
|
0-0: Ball 1-0: Ball 2-0: Called Strike 2-1: SINGLE (Flyball, 8RS, EV 91.2 MPH)
|
|
Pitching: RHP Mike Ferry
|
|
|
Batting: LHB Ray Whitehead
|
0-0: Called Strike Donny Burnside steals 2nd base 0-1: Ball 1-1: Foul Ball, location: 2F 1-2: Ground out U3 (Groundball, 34, EV 86.2 MPH)
|
| Bottom of the 6th over - 0 runs, 1 hit, 0 errors, 1 left on base; Chattanooga 3 - New Hampshire 6 |
| TOP OF THE 7TH |
|
Chattanooga Lookouts batting - Pitching for New Hampshire Fisher Cats : RHP Cody Walsh
|
|
Batting: LHB Marius Tadini
|
0-0: Ball 1-0: Swinging Strike 1-1: Ball 2-1: Ball 3-1: Base on Balls
|
|
Pitching: LHP Vinny Zavala
|
|
|
Batting: RHB Ruben Martinez
|
0-0: Called Strike 0-1: Ball 1-1: Bunt missed! 1-2: Ball 2-2: Grounds into double play, 5-4-3 (Groundball, 5, EV 85.0 MPH)
|
|
Batting: LHB Matt Robertson
|
0-0: Ball 1-0: Foul Ball, location: 2F 1-1: SINGLE (Groundball, 34D, EV 100.6 MPH)
|
|
Batting: RHB Isaiah Easter
|
0-0: Called Strike 0-1: Ball 1-1: Ball 2-1: Ball 3-1: Foul Ball, location: 2F 3-2: Foul Ball, location: 2F 3-2: Foul Ball, location: 2F 3-2: Foul Ball, location: 2F 3-2: Strikes out swinging
|
| Top of the 7th over - 0 runs, 1 hit, 0 errors, 1 left on base; Chattanooga 3 - New Hampshire 6 |
| BOTTOM OF THE 7TH |
|
New Hampshire Fisher Cats batting - Pitching for Chattanooga Lookouts : RHP Mike Ferry
|
|
Batting: SHB Eduardo Maldonado
|
0-0: Ground out 4-3 (Groundball, 4, EV 86.9 MPH)
|
|
Batting: RHB Danny Alberto
|
0-0: Ball 1-0: Foul Ball, location: 2F 1-1: Fly out, F8 (Flyball, 78S, EV 90.6 MPH)
|
|
Batting: RHB Lee McKay
|
0-0: DOUBLE (Line Drive, 5D, EV 98.1 MPH)
|
|
Batting: RHB Greg Callaghan
|
0-0: Foul Ball, location: 2F 0-1: Ball 1-1: SINGLE (Groundball, 56S, EV 68.1 MPH) (infield hit) Lee McKay to third
|
|
Batting: RHB Jorge Baret
|
0-0: Ball 1-0: Ball 2-0: Called Strike 2-1: Swinging Strike 2-2: SINGLE (Groundball, 34D, EV 99.4 MPH) Lee McKay scores Greg Callaghan to second Runner from 2nd tries for 3rd, SAFE, throw by RF made to third Jorge Baret to second
|
|
Batting: RHB Cyril Husson
|
0-0: Ball 1-0: Called Strike 1-1: Ground out 3-1 (Groundball, 34, EV 91.9 MPH)
|
| Bottom of the 7th over - 1 run, 3 hits, 0 errors, 2 left on base; Chattanooga 3 - New Hampshire 7 |
| TOP OF THE 8TH |
|
Chattanooga Lookouts batting - Pitching for New Hampshire Fisher Cats : LHP Vinny Zavala
|
|
Batting: RHB Justin Allison
|
0-0: Foul Ball, location: 2F 0-1: Ground out 1-3 (Groundball, 13S, EV 68.8 MPH)
|
|
Batting: SHB Chris Ortiz
|
0-0: Called Strike 0-1: Ground out 6-3 (Groundball, 6, EV 77.5 MPH)
|
|
Batting: RHB Bobby Paredes
|
0-0: Called Strike 0-1: Swinging Strike 0-2: Ball 1-2: Strikes out looking
|
| Top of the 8th over - 0 runs, 0 hits, 0 errors, 0 left on base; Chattanooga 3 - New Hampshire 7 |
| BOTTOM OF THE 8TH |
|
New Hampshire Fisher Cats batting - Pitching for Chattanooga Lookouts : RHP Mike Ferry
|
|
Pitching: RHP Curtis Ferguson
|
|
|
Batting: SHB Spencer Jones
|
0-0: Called Strike 0-1: Swinging Strike 0-2: Ball 1-2: Ground out 5-3 (Groundball, 56S, EV 86.9 MPH)
|
|
Batting: RHB Donny Burnside
|
0-0: Ball 1-0: Foul Ball, location: 2F 1-1: SINGLE (Line Drive, 78M, EV 93.1 MPH)
|
|
Batting: LHB Ray Whitehead
|
0-0: Called Strike Donny Burnside steals 2nd base 0-1: Swinging Strike 0-2: Ball 1-2: Hit by Pitch
|
|
Batting: SHB Eduardo Maldonado
|
0-0: Ball 1-0: Foul Ball, location: 2F 1-1: Fielders Choice at 2nd, 3-6 (Groundball, 3, EV 89.4 MPH) Donny Burnside to third
|
|
Batting: RHB Danny Alberto
|
0-0: Ball 1-0: Ground out 4-3 (Groundball, 34, EV 85.6 MPH)
|
| Bottom of the 8th over - 0 runs, 1 hit, 0 errors, 2 left on base; Chattanooga 3 - New Hampshire 7 |
| TOP OF THE 9TH |
|
Chattanooga Lookouts batting - Pitching for New Hampshire Fisher Cats : LHP Vinny Zavala
|
|
Pitching: LHP Julio Gonzalez
|
|
|
Batting: RHB Julian de Reus
|
0-0: Called Strike 0-1: Ball 1-1: Ball 2-1: Ball 3-1: Foul Ball, location: 2F 3-2: Strikes out swinging
|
|
Batting: RHB Francisque Regras
|
0-0: Called Strike 0-1: Ball 1-1: Called Strike 1-2: Strikes out looking
|
|
Pinch Hitting: RHB J.J. Powers
|
0-0: Called Strike 0-1: Ball 1-1: Swinging Strike 1-2: Ball 2-2: Foul Ball, location: 2F 2-2: Ball 3-2: Ground out 6-3 (Groundball, 6, EV 79.4 MPH)
|
| Top of the 9th over - 0 runs, 0 hits, 0 errors, 0 left on base; Chattanooga 3 - New Hampshire 7 |
|